 Dungeon Crawl Stone Soup version 0.27.1-2-g3b301248ec (webtiles) character file.

Game seed: 8749191441140404055

562 AZSletch the Changer (level 7, -1/57 HPs)
             Began as a Grey Draconian Transmuter on Oct 1, 2021.
             Slain by a wight (23 damage)
             ... on level 9 of the Dungeon.
             The game lasted 00:20:45 (5068 turns).

AZSletch the Changer (Grey Draconian Transmuter)    Turns: 5068, Time: 00:20:45

Health: -1/57      AC:  2    Str: 13    XL:     7   Next: 10%
Magic:  8/11       EV: 20    Int: 14    God:
Gold:   349        SH:  0    Dex: 17    Spells: 6/12 levels left

rFire    . . .     SeeInvis .     - Unarmed
rCold    . . .     Faith    .   (shield currently unavailable)
rNeg     . . .     Spirit   .   (armour unavailable)
rPois    .         Reflect  .   (helmet currently unavailable)
rElec    .         Harm     .   (cloak currently unavailable)
rCorr    .         Rampage  .   (gloves currently unavailable)
Will     .....                  (boots currently unavailable)
Stlth    ++........             (no amulet)
HPRegen  0.19/turn              c - ring of flight
MPRegen  0.12/turn              q - ring of poison resistance

@: spider-form, flying
A: venomous fangs, AC +11, (amphibious), tiny, unfitting armour, (cold-blooded)
a: End Transformation


You were on level 9 of the Dungeon.
You were a venomous arachnid creature.
You visited 1 branch of the dungeon, and saw 7 of its levels.

You collected 349 gold pieces.

Inventory:

Hand Weapons
 k - a +0 dagger of venom
 l - a +2 whip of pain
Missiles
 a - 195 stones
 e - 11 boomerangs (quivered)
 g - 24 poisoned darts
 s - 3 javelins
 u - 5 silver javelins
Armour
 p - a +0 hat
 r - a +0 buckler
Jewellery
 c - a ring of flight (left front leg)
 m - a ring of resist corrosion
 q - a ring of poison resistance (right front leg)
Wands
 y - a wand of flame (24)
Scrolls
 b - 3 scrolls of magic mapping {unknown}
 f - 4 scrolls of teleportation {unknown}
 h - a scroll of amnesia {unknown}
 i - 2 scrolls of acquirement {unknown}
 j - a scroll of identify {unknown}
 n - a scroll of fog {unknown}
 o - a scroll of immolation {unknown}
 v - 3 scrolls of holy word {unknown}
 w - a scroll of fear {unknown}
Potions
 d - 4 potions of cancellation {unknown}
 t - 2 potions of might {unknown}
 x - a potion of heal wounds {unknown}
 z - a potion of brilliance {unknown}


   Skills:
 + Level 3.2 Fighting
 + Level 3.1 Dodging
 + Level 4.1 Unarmed Combat
 + Level 3.2 Spellcasting
 * Level 4.5 Transmutations
 + Level 0.1 Ice Magic
 - Level 2.0 Poison Magic


You had 6 spell levels left.
You knew the following spells:

 Your Spells              Type           Power      Damage    Failure   Level
a - Beastly Appendage     Tmut           30%        N/A       11%         1
b - Wereblood             Tmut           15%        N/A       14%         2
c - Spider Form           Tmut/Pois      5%         N/A       34%         3

Your spell library contained the following spells:

 Spells                   Type           Power      Damage    Failure   Level
 Ensorcelled Hibernation  Hex/Ice        4%         N/A       52%         2
 Call Canine Familiar     Summ           2%         N/A       75%         3
 Portal Projectile        Hex/Tloc       4%         N/A       75%         3
 Ice Form                 Ice/Tmut       8%         N/A       80%         4
 Summon Ice Beast         Ice/Summ       2%         N/A       97%         4
 Leda's Liquefaction      Hex/Erth       1%         N/A       98%         4
 Summon Mana Viper        Hex/Summ       2%         N/A       100%        5
 Shadow Creatures         Summ           N/A        N/A       100%        6
 Monstrous Menagerie      Summ           1%         N/A       100%        7


Dungeon Overview and Level Annotations

Branches:
Dungeon (9/15)
 Temple: D:4-7         Lair: D:8-11         Orc: D:9-12

Altars:

Shops:
D:4 *:   D:5 =*

Annotations:
D:2 1 runed translucent door, Crazy Yiuf, Sigmund


Innate Abilities, Weirdness & Mutations

You are a venomous arachnid creature.
You have poisonous fangs.
You are tiny and dextrous.
Your spellcasting is less reliable in this form.
Your armour is entirely melded.
You are incapable of wielding weapons or throwing items.
((Your dull iron-grey scales are very hard. (AC +11)))
((You are amphibious.))
You cannot fit into any form of body armour.
((You are cold-blooded and may be slowed by cold attacks.))


Message History

The howler monkey is heavily wounded.
The howler monkey hoots and howls with incredible vigour!
You hear a shout! x2; You hear a bellow! x3; You hear a shout! x7
You hear a howl!
You hear a shout! x2
You hit the howler monkey. Your headbutt misses the howler monkey.
Your tail-slap misses the howler monkey.
The howler monkey is severely wounded.
The howler monkey hits you but does no damage.
A wight comes into view. It is wielding a +4 great sword.
You punch the howler monkey!
You kill the howler monkey!
A wight comes into view. It is wielding a +0 spear.
Your horns disappear.
Your talons disappear.
A centaur comes into view.
The centaur shouts!
The centaur wields a +0 shortbow.
The centaur shoots an arrow.
The arrow hits you.
The centaur shoots an arrow.
The arrow hits you!
The centaur shoots an arrow.
The arrow barely misses you.
The centaur shoots an arrow.
The arrow misses you.
The centaur shoots an arrow.
The arrow hits you.
The centaur shoots an arrow.
The arrow hits you.
Casting: Beastly Appendage (safe; 3% risk of failure)
Confirm with . or Enter, or press ? or * to list all spells.
You turn into a venomous arachnid creature.
The wight barely misses you.
The centaur shoots an arrow.
The arrow closely misses you.
The centaur shoots an arrow.
The arrow hits you.
The centaur shoots an arrow.
The arrow misses you. The wight closely misses you.
The centaur unwields a +0 shortbow.
The centaur closely misses you. The centaur misses you.
The wight hits you with a +0 spear.
You hit the centaur but do no damage. The centaur barely misses you.
The centaur closely misses you. The wight misses you.
A wight comes into view. It is wielding a +0 war axe.
The wight barely misses you.
You hit the centaur.
The centaur is poisoned.
The centaur is moderately wounded.
The centaur misses you. The centaur kicks you.
The wight hits you with a +4 great sword!!
You die...

....##....#
.........# z...
...# .<. ...
..###.#####
#...z.....#
#.###.....#
####.<..zcz.#
#....##.#s#.#
#......z#.#...
........[.#.#####
....###..<......#
|.#. #.###.###.#
. # #. .... #.
...#.# #.###.# #.
#


You could see a centaur (very poisoned) and 3 wights.

Vanquished Creatures
  A phantom (D:5)
  2 scorpions
  A water moccasin skeleton (D:4)
  2 howler monkeys
  An orc priest (D:5)
  A centaur skeleton (D:5)
  A hound skeleton (D:4)
  5 adders
  A shadow imp (D:5)
  3 white imps
  2 worms
  An adder skeleton (D:4)
  3 dart slugs
  4 orcs
  9 endoplasms
  3 giant cockroaches
  8 goblins
  9 hobgoblins
  10 kobolds
  4 quokkas
  10 ball pythons
  4 bats
  6 frilled lizards
  4 rats
95 creatures vanquished.

Vanquished Creatures (others)
  17 plants
17 creatures vanquished.

Grand Total: 112 creatures vanquished

Notes
Turn   | Place    | Note
-------+----------+-------------------------------------------
     0 | D:1      | AZSletch the Draconian Transmuter began the quest for the
                  | Orb.
     0 | D:1      | Reached XP level 1. HP: 16/16 MP: 3/3
   145 | D:1      | Reached XP level 2. HP: 21/23 MP: 3/5
   148 | D:1      | Learned a level 2 spell: Wereblood
   506 | D:1      | Reached XP level 3. HP: 26/28 MP: 4/6
  1143 | D:2      | Found a runed translucent door.
  1144 | D:2      | Noticed Crazy Yiuf
  1566 | D:2      | Noticed Sigmund
  1653 | D:3      | Reached XP level 4. HP: 21/36 MP: 3/7
  2036 | D:3      | Found a faded altar of an unknown god.
  2567 | D:3      | Learned a level 3 spell: Spider Form
  2784 | D:4      | Noticed a scorpion
  2792 | D:4      | Killed a scorpion
  2793 | D:4      | Reached XP level 5. HP: 25/41 MP: 4/8
  2982 | D:4      | Noticed an ogre
  3251 | D:4      | Reached skill level 1 in Poison Magic
  3354 | D:4      | Found Jemut's Assorted Antiques.
  3425 | D:4      | Found Cona Xac's Book Shop.
  3696 | D:4      | Reached XP level 6. HP: 45/50 MP: 7/10
  4136 | D:5      | Entered Level 5 of the Dungeon
  4657 | D:5      | Found Negung's Jewellery Boutique.
  4855 | D:5      | Found Meitot's Assorted Antiques.
  4912 | D:5      | Your scales start taking on a dull iron-grey colour.
  4912 | D:5      | Reached XP level 7. HP: 56/57 MP: 8/11
  4915 | D:5      | You are sucked into a shaft and drop 3 floors!
  4990 | D:8      | Noticed a two-headed ogre
  5041 | D:8      | Noticed a two-headed ogre
  5068 | D:9      | Slain by a wight

Illustrated notes

Levels and vault maps discovered:
D:1:      lightli_arrival_boilingwater, layout_basic, lexackson_kobold_supper
D:2:      layout_loops_corners, uniq_sigmund, uniq_crazy_yiuf_cottage
D:3:      layout_basic, chequers_ecumenical_altar_simple_redux, st_stairs_1,
          kennysheep_boxes
D:4:      cheibrodos_old_hovel, layout_basic, serial_shops,
          nicolae_stop_n_shop_2, kennysheep_little_box,
          kennysheep_cross_bottleneck, minmay_misc_feat_hallway,
          minmay_fountain_box
D:5:      layout_loops_cross, serial_shops, nicolae_shop_overgrown_old_shop,
          shop
D:8:      layout_basic, enter_bailey_7
D:9:      layout_basic, erik_lair_orcish_takeover, blue_anna_alchemist,
          uniq_maggie, uniq_prince_ribbit1

Skill      XL: |  1  2  3  4  5  6 |
---------------+-------------------+-----
Dodging        | 2 3 |  3.1
Transmutations | 3 4 |  4.5
Fighting       | 2 3 |  3.2
Poison Magic   | 1 2 |  2.0
Spellcasting   | 3 |  3.2
Unarmed Combat | 4 |  4.1
Ice Magic      | |  0.1

Action                   |  1- 3 |  4- 6 |  7- 9 || total
-------------------------+-------+-------+-------++-------
Melee: Unarmed           |   107 |   155 |    16 ||   278
       Kick              |    15 |    26 |     1 ||    42
       Tailslap          |    10 |    13 |     4 ||    27
       Headbutt          |     5 |    13 |       ||    18
       Punch             |     1 |       |     1 ||     2
       Dagger            |       |     4 |       ||     4
Throw: Boomerang         |     9 |     3 |       ||    12
 Cast: Beastly Appendage |    28 |    29 |     1 ||    58
       Wereblood         |     4 |    13 |       ||    17
       Spider Form       |       |     5 |     1 ||     6
 Stab: Sleeping          |     1 |     2 |       ||     3
Armor: Skin              |    29 |    45 |     6 ||    80
Dodge: Dodged            |    67 |    84 |    17 ||   168
Block: Buckler           |       |     1 |       ||     1
